AoeStats
← 建建哥

Arena

509657099Analyzed
2v2 RM · 5d ago on Sep 27, 2026· 57m 33s· 4 players
Game mode
Random Map
Map size
Medium (4 player)
Population
200
Speed
Normal
Resources
Standard
Victory
Conquest
Starting age
Dark Age
Ending age
Imperial Age
RankedLock teamsTeams togetherTeam positionsShared explorationLock speedFull tech treeHidden civsTurbo modeCheats
Victory
Defeat
🇹🇼 Poles · Taiwan
1117
+16
🇹🇼 Teutons · Taiwan
1114
+17
🇦🇹 Portuguese · Austria
1126
-17
🇦🇹 Celts · Austria
1125
-16
冰冰歷險記
10:00 Loom
12:24 Feudal Age
13:18 Horse Collar
19:34 Castle Age
17:43 Double-Bit Axe
18:39 Bloodlines
19:02 Gold Mining
20:15 Forging
20:59 Husbandry
21:26 Heavy Plow
21:33 Scale Barding Armor
23:56 Szlachta Privileges
25:11 Iron Casting
28:07 Chain Barding Armor
36:18 Wheelbarrow
40:23 Imperial Age
38:09 Hand Cart
37:57 Town Watch
39:01 Padded Archer Armor
38:52 Fletching
39:07 Elite Skirmisher
39:52 Thumb Ring
40:12 Town Patrol
40:25 Bow Saw
40:19 Light Cavalry
41:11 Bodkin Arrow
41:32 Leather Archer Armor
42:18 Blast Furnace
42:30 Chemistry
41:51 Ballistics
43:09 Winged Hussar
44:15 Conscription
44:17 Lechitic Legacy
49:21 Squires
56:28 Spies/Treason
建建哥
0:32 Loom
9:43 Feudal Age
11:41 Double-Bit Axe
11:57 Town Watch
14:06 Fletching
22:24 Castle Age
23:36 Horse Collar
24:12 Bow Saw
24:40 Forging
24:34 Heavy Plow
26:48 Iron Casting
26:20 Scale Barding Armor
26:31 Bloodlines
29:08 Scale Mail Armor
29:45 Town Patrol
29:59 Gold Mining
31:04 Chain Barding Armor
32:12 Wheelbarrow
34:35 Stone Mining
35:58 Hand Cart
38:17 Imperial Age
37:41 Bodkin Arrow
39:18 Padded Archer Armor
40:19 Leather Archer Armor
42:14 Chemistry
41:54 Crenellations
42:10 Ring Archer Armor
43:50 Conscription
45:37 Chain Mail Armor
46:24 Blast Furnace
46:09 Squires
45:54 Gambesons
45:58 Arson
49:13 Siege Engineers
49:30 Ballistics
49:25 Siege Engineers
49:41 Ballistics
49:56 Plate Mail Armor
56:10 Elite Teutonic Knight
57:29 Spies/Treason
Tobias
3:28 Loom
11:34 Feudal Age
15:13 Double-Bit Axe
17:40 Castle Age
24:10 Wheelbarrow
23:47 Bow Saw
27:37 Imperial Age
28:18 Hand Cart
45:04 Man-at-Arms
45:32 Gambesons
45:41 Long Swordsman
46:29 Two-Handed Swordsman
48:54 Scale Mail Armor
49:05 Forging
49:01 Capped Ram
50:43 Pikeman
55:20 Halberdier
Cant Hide on Bush
10:51 Feudal Age
14:54 Castle Age
12:52 Double-Bit Axe
16:18 Horse Collar
16:30 Loom
21:39 Bow Saw
22:33 Wheelbarrow
22:51 Gold Mining
24:23 Heavy Plow
27:39 Imperial Age
26:19 Hand Cart
26:19 Padded Archer Armor
27:53 Leather Archer Armor
29:22 Chemistry
30:01 Two-Man Saw
32:09 Ring Archer Armor
31:54 Pikeman
32:35 Scale Mail Armor
33:08 Arquebus
33:29 Conscription
33:43 Chain Mail Armor
34:20 Halberdier
35:33 Plate Mail Armor
36:29 Forging
37:51 Iron Casting
40:30 Circumnavigation
41:10 Stone Mining
43:24 Blast Furnace
43:41 Elite Skirmisher
44:27 Thumb Ring
44:39 Siege Engineers
44:33 Fletching
46:35 Ballistics
46:24 Loom
46:55 Bodkin Arrow
56:42 Bracer
Connection lost

Rejoining the realm…

Still unreachable

The connection could not be restored.

Session expired

The server has moved on; the page needs a fresh start.